 Dungeon Crawl Stone Soup version 0.29-a0-398-ge13fd1374b (webtiles) character file.

Game seed: 3384485558977726304

28485 zeratav the Transmogrifier (level 13, 0/81 HPs)
             Began as an Octopode Earth Elementalist on May 12, 2022.
             Was the Champion of Hepliaklqana.
             Slain by a death yak (27 damage)
             ... on level 4 of the Lair of Beasts.
             The game lasted 00:57:11 (19585 turns).

zeratav the Transmogrifier (OpEE)                  Turns: 19585, Time: 00:57:11

Health: 0/81       AC:  7    Str:  7    XL:     13   Next: 39%
Magic:  2/23       EV: 13    Int: 22    God:    Hepliaklqana [******]
Gold:   992        SH:  7    Dex: 25    Spells: 16/26 levels left

rFire   . . .      SeeInvis .   L - +3 spear (freeze) {polearm}
rCold   . . .      Faith    .   j - +2 buckler
rNeg    + . .      Spirit   .   Q - +2 hat
rPois   .          Reflect  .   I - amulet of the acrobat
rElec   .          Harm     .   i - ring of wizardry
rCorr   .          Rampage  .   x - ring of positive energy
Will    +....                   C - +4 ring of protection
Stlth   ++++......              F - ring of willpower
HPRegen 0.23/turn               K - +6 ring of dexterity
MPRegen 0.18/turn               P - +6 ring of dexterity
                                (no ring)
                                (no ring)

@: no status effects
A: reduced essence, almost no armour, amphibious, 8 rings, camouflage 1,
gelatinous body 1, (nimble swimmer 1), tentacles
a: Renounce Religion, Recall Ancestor, Ancestor Identity, Transference, Idealise


You were on level 4 of the Lair of Beasts.
You worshipped Hepliaklqana.
Hepliaklqana was exalted by your worship.
You visited 2 branches of the dungeon, and saw 14 of its levels.
You also visited: Sewer.

You collected 992 gold pieces.


Innate Abilities, Weirdness & Mutations

Your life essence is reduced to manifest your ancestor. (-10% HP)
You cannot wear most types of armour.
You are amphibious.
You can wear up to eight rings at the same time.
Your skin changes colour to match your surroundings (Stealth+).
Your rubbery body absorbs attacks. (AC +1, EV +1)
((You are camouflaged when in or above water. (Stealth+)))
You have tentacles for arms and can constrict up to eight enemies at once.


   Skills:
 - Level 9.0 Fighting
 - Level 2.0 Dodging
 - Level 2.6 Stealth
 - Level 7.0 Spellcasting
 - Level 3.0 Hexes
 - Level 5.0 Summonings
 + Level 11.7 Transmutations
 - Level 5.0 Fire Magic
 + Level 11.6 Air Magic
 - Level 6.0 Earth Magic
 - Level 4.3 Invocations


You had 16 spell levels left.
You knew the following spells:

 Your Spells              Type           Power      Damage    Failure   Level
a - Sandblast             Erth           68%        2d15      1%          1
b - Stone Arrow           Conj/Erth      40%        3d9       4%          3
c - Inner Flame           Hex/Fire       25%        N/A       2%          3
d - Summon Guardian Gole  Hex/Summ       25%        N/A       2%          3

Your spell library contained the following spells:

 Spells                   Type           Power      Damage    Failure   Level
 Beastly Appendage        Tmut           100%       N/A       1%          1
 Foxfire                  Conj/Fire      72%        2x1d7     1%          1
 Summon Small Mammal      Summ           100%       N/A       1%          1
 Passwall                 Tmut/Erth      38%        N/A       1%          2
 Static Discharge         Conj/Air       33%        N/A       1%          2
 Wereblood                Tmut           56%        N/A       1%          2
 Call Canine Familiar     Summ           29%        N/A       1%          3
 Spider Form              Tmut/Pois      33%        N/A       1%          3
 Petrify                  Tmut/Erth      46%        N/A       1%          4
 Animate Skeleton         Necr           14%        N/A       4%          1
 Apportation              Tloc           14%        N/A       4%          1
 Conjure Flame            Conj/Fire      18%        6-21      4%          3
 Blink                    Tloc           14%        N/A       7%          2
 Lightning Bolt           Conj/Air       16%        1d30      12%         5
 Flame Wave               Conj/Fire      18%        2d6       16%         4
 Summon Ice Beast         Ice/Summ       18%        N/A       16%         4
 Summon Mana Viper        Hex/Summ       25%        N/A       24%         5
 Storm Form               Tmut/Air       28%        N/A       30%         7
 Manifold Assault         Tloc           7%         N/A       73%         5
 Maxwell's Capacitive Co  Air            28%        ∞         91%         8
 Monstrous Menagerie      Summ           14%        N/A       99%         7

Inventory:

Hand Weapons
 s - a +0 hand crossbow {crossbow}
   (You found it on level 3 of the Dungeon)
 J - the +11 rapier of Ulonuig {vorpal, Contam rF++ Dex+5, short}
   (You found it on level 8 of the Dungeon)

   It inflicts extra damage upon your enemies.
   Dex:       It affects your dexterity (+5).
   rF:        It greatly protects you from fire.
   Contam:    It causes magical contamination when unequipped.
 L - a +3 spear of freezing (weapon) {polearm}
   (You took it off a wight on level 7 of the Dungeon)
 S - the +5 battleaxe "Puzxuqoj" {pain, *Rage rPois rN+ Stlth+, axe}
   (You found it on level 3 of the Lair of Beasts)

   In the hands of one skilled in necromantic magic, it inflicts extra damage on
   living creatures.
   rPois:     It protects you from poison.
   rN:        It protects you from negative energy.
   *Rage:     It berserks you when you make melee attacks (+20% chance).
   Stlth:     It makes you more stealthy.
Missiles
 a - 177 stones {throwing}
Armour
 j - a +2 buckler (worn)
   (You found it on level 5 of the Dungeon)
 Q - a +2 hat (worn)
   (You found it on level 1 of the Lair of Beasts)
Jewellery
 i - a ring of wizardry (left tentacle)
   (You found it on level 1 of the Dungeon)
 x - a ring of positive energy (right tentacle)
   (You found it on level 4 of the Dungeon)
 C - a +4 ring of protection (on tentacle)
   (You found it on level 4 of the Dungeon)
 F - a ring of willpower (on tentacle)
   (You found it in a sewer)
 I - an amulet of the acrobat (around mantle)
   (You found it on level 6 of the Dungeon)
 K - a +6 ring of dexterity (on tentacle)
   (You found it on level 8 of the Dungeon)
 P - a +6 ring of dexterity (on tentacle)
   (You found it on level 1 of the Lair of Beasts)
Wands
 o - a wand of flame (6)
   (You found it on level 4 of the Lair of Beasts)
 t - a wand of iceblast (25)
   (You found it on level 3 of the Dungeon)
 y - a wand of mindburst (19)
   (You took it off Ijyb on level 4 of the Dungeon)
 D - a wand of polymorph (10)
   (You found it on level 7 of the Dungeon)
 N - a wand of acid (14)
   (You found it on level 9 of the Dungeon)
 O - a wand of digging (6)
   (You found it on level 9 of the Dungeon)
Scrolls
 c - a scroll of immolation {!r!r}
 f - 3 scrolls of enchant weapon
 g - a scroll of teleportation {@r4}
 h - 2 scrolls of vulnerability {!r!r}
 n - 2 scrolls of torment {!r}
 r - 5 scrolls of fog
 w - 4 scrolls of poison {!r}
 B - 2 scrolls of fear
 E - a scroll of enchant armour
 H - a scroll of noise {!r}
 M - a scroll of magic mapping {!r}
 T - a scroll of amnesia
Potions
 b - a potion of magic
 d - 3 potions of brilliance {unknown}
 e - 4 potions of cancellation {unknown}
 k - 5 potions of mutation {unknown}
 l - 4 potions of curing {@q1}
 m - 6 potions of attraction {unknown}
 p - 2 potions of degeneration {unknown}
 q - a potion of invisibility {unknown}
 u - a potion of heal wounds {unknown}
 v - 2 potions of flight {unknown}
 z - 2 potions of berserk rage {unknown}
 A - a potion of ambrosia {unknown}
 G - 5 potions of lignification {unknown}
Miscellaneous
 R - a tin of tremorstones (2/2) {throwing}
   (You found it on level 2 of the Lair of Beasts)

Dungeon Overview and Level Annotations

Branches:
Dungeon (9/15)             Temple (0/1) D:7            Lair (5/6) D:9
 Shoals (0/4) Lair:4        Snake (0/4) Lair:2          Orc (0/2) D:9
  Sewer (visited)
  Slime: Lair:5-6

Altars:
Hepliaklqana
Nemelex Xobeh
Ru
Sif Muna
Uskayaw
The Shining One

Shops:
D:6

= #### ##P....###.....### #..
##.# ##.....##.....# #.. ..##
#.....##....## #.. ..P#
##...#####..## #.# ...## #...###
###.# ##.[. ....# ###.#.# ###
#.##. ....# #####...#### ##...
....# #.........Y## ###... ...##
#........R@.## #..... ...#
##............# #######..♣..
...###.............###.♣.##......
..###...............#.....#......
..# ##..............#♣.>^.'.♣.<.♣
.#####..............#.....#......
###.##...............#.♣.#.......
##.#.................######...♣..
.#....................#####.#....


You could see the friendly Necuametl the knight (sheltered) and a death yak.


Message History

Press: ? - help, Dir - move target, f/p - death yak
Aim: a death yak (moderately wounded, ally target, chance to affect: 17%)
Okay, then.
Casting: Inner Flame (mildly dangerous; 2% risk of failure)
Confirm with . or Enter, or press ? or * to list all spells.
Aiming: Stone Arrow (mildly dangerous; 4% risk of failure)
Press: ? - help, Shift-Dir - straight line, f/p - death yak
Aim: a death yak (moderately wounded, ally target, 90% to hit)
Really fire in your guardian golem's direction?
Okay, then.
The death yak gores Necuametl but does no damage.
Necuametl hits the death yak but does no damage.
The death yak gores your guardian golem!!
Necuametl completely misses the death yak.
Your guardian golem overheats!
You hear a bellow!
The death yak gores Necuametl!
Flame seeps out of your guardian golem.
Necuametl hits the death yak but does no damage.
Your guardian golem is engulfed in blazing flames.
Your guardian golem disappears in a puff of smoke!
The fiery explosion engulfs the death yak!
The fiery explosion engulfs Necuametl!
Necuametl resists.
Necuametl hits the death yak with a +0 flail.
The death yak is engulfed in blazing flames.
The death yak gores Necuametl but does no damage.
Things that are here:
a blink frog skeleton; a blink frog skeleton
Casting: Stone Arrow (mildly dangerous; 4% risk of failure)
Confirm with . or Enter, or press ? or * to list all spells.
A guardian golem appears, shielding your allies.
Necuametl hits the death yak with a +0 flail.
The death yak is engulfed in blazing flames.
Necuametl blocks the death yak's attack.
MP[-2]
You lost 2 mp, and now have 13/23 mp.
The death yak is engulfed in blazing flames.
The death yak gores Necuametl!
Necuametl hits the death yak but does no damage.
Casting: Summon Guardian Golem (mildly dangerous; 2% risk of failure)
Confirm with . or Enter, or press ? or * to list all spells.
A guardian golem appears, shielding your allies.
Your guardian golem disappears in a puff of smoke!
Necuametl hits the death yak with a +0 flail!
The death yak barely misses you.
The death yak is engulfed in blazing flames.
Necuametl blocks the death yak's attack.
MP[-3]
You lost 3 mp, and now have 10/23 mp.
Casting: Summon Guardian Golem (mildly dangerous; 2% risk of failure)
Confirm with . or Enter, or press ? or * to list all spells.
A guardian golem appears, shielding your allies.
Your guardian golem disappears in a puff of smoke!
Necuametl hits the death yak with a +0 flail!
The death yak dies!
The death yak closely misses you.
MP[-3]
You lost 3 mp, and now have 7/23 mp.
Casting: Summon Guardian Golem (mildly dangerous; 2% risk of failure)
Confirm with . or Enter, or press ? or * to list all spells.
A guardian golem appears, shielding your allies.
Your guardian golem disappears in a puff of smoke!
Necuametl hits the death yak with a +0 flail.
The death yak gores you.
The death yak is engulfed in blazing flames.
HP[-5] MP[-3]
You take 5 damage, and now have 76/81 hp.
You lost 3 mp, and now have 4/23 mp.
Casting: Summon Guardian Golem (mildly dangerous; 2% risk of failure)
Confirm with . or Enter, or press ? or * to list all spells.
A guardian golem appears, shielding your allies.
Your guardian golem disappears in a puff of smoke!
Necuametl hits the death yak with a +0 flail.
The death yak gores you!
HP[-13] MP[-3]
You take 13 damage, and now have 63/81 hp.
You lost 3 mp, and now have 1/23 mp.
The death yak is engulfed in blazing flames.
MP[+1]
You see here a blink frog corpse.
HP[+1] MP[+1]
The death yak attacks as you move away! You block the death yak's attack.
There is an open door here.
HP[+1]
The death yak attacks as you move away! The death yak gores you!
HP[-15]
You take 15 damage, and now have 50/81 hp.
The death yak barely misses you.
There is a stone staircase leading up here.
The death yak gores you!!
* * * LOW HITPOINT WARNING * * *
You climb upwards.
There is a stone staircase leading down here.
HP[-23] MP[+1]
You take 23 damage, and now have 27/81 hp.
MASSIVE DAMAGE!! (PAUSE) Necuametl is recalled.
The death yak gores you!!
You die...

Skill      XL: |  1  2  3  4  5  6  7  8  9 10 11 12 13 |
---------------+----------------------------------------+-----
Earth Magic    | 4 5 6 |  6.0
Fire Magic     | 1 2 4 5 |  5.0
Spellcasting   | 3 5 6 7 |  7.0
Hexes          | 3 |  3.0
Summonings     | 3 5 |  5.0
Fighting       | 5 8 9 |  9.0
Invocations    | 2 4 |  4.3
Air Magic      | 4 7 10 11 | 11.6
Transmutations | 4 7 10 11 | 11.7
Dodging        | |  2.0
Stealth        | |  2.6

Action                   |  1- 3 |  4- 6 |  7- 9 | 10-12 | 13-15 || total
-------------------------+-------+-------+-------+-------+-------++-------
Melee: Broad axe         |    43 |     1 |       |       |       ||    44
       Tentacles         |     8 |    17 |       |     6 |     5 ||    36
       Constrict         |    10 |    19 |     2 |    12 |     4 ||    47
       Short sword       |       |    57 |       |       |       ||    57
       Punch             |       |     2 |       |       |     1 ||     3
       Rapier            |       |       |     5 |     1 |       ||     6
       Spear             |       |       |       |    36 |    14 ||    50
       Mace              |       |       |       |     1 |       ||     1
 Cast: Sandblast         |    14 |    34 |    66 |   145 |    19 ||   278
       Stone Arrow       |       |     3 |    29 |    89 |    27 ||   148
       Inner Flame       |       |       |    10 |    26 |     4 ||    40
       Summon Guardian G |       |       |       |    16 |    15 ||    31
Invok: Ancestor Life: Kn |       |     1 |       |       |       ||     1
       Recall Ancestor   |       |       |       |     6 |     4 ||    10
       Transference      |       |       |       |     1 |       ||     1
  Use: Scroll            |       |       |       |    22 |     1 ||    23
       Potion            |       |       |       |       |     1 ||     1
 Stab: Sleeping          |     6 |     7 |       |       |       ||    13
       Distracted        |       |     1 |       |     1 |       ||     2
Armor: Skin              |     7 |     3 |     6 |    33 |     4 ||    53
Dodge: Dodged            |    39 |    27 |    11 |    91 |    19 ||   187
Block: Buckler           |       |       |     6 |    38 |     8 ||    52

Levels and vault maps discovered:
D:1:      onia_arrival_mini_spirals, layout_loops_ring, basic_ecumenical_altar,
          minivault_27, minmay_misc_feat_cross
D:2:      cheibrodos_old_hovel, layout_basic, minmay_vboxes, uniq_natasha
D:3:      layout_loops_ring
D:4:      layout_basic, amethyst_overflow_temple_binary,
          mainiacjoe_overflow_catwalk, nicolae_ru_sacrificial_ziggurat,
          minmay_snake_closets, uniq_sigmund, uniq_ijyb, uniq_blork_the_orc
D:5:      layout_basic, uniq_eustachio, uniq_menkaure
D:6:      minmay_bubble_buster, layout_basic, cheibrodos_sewer_entry_sluice,
          nicolae_shop_unique_rings
D:7:      layout_loops_ring, nicolae_sif_muna_condensation,
          minmay_temple_entry_statues_fountains
D:8:      layout_basic, chequers_serial_rivers_small_3,
          kennysheep_generic_room_16
D:9:      layout_gridville, erik_lair_island, david_orc_3, uniq_maurice,
          uniq_erica, uniq_pikel
Lair:1:   layout_regular_city, uniq_joseph
Lair:2:   layout_long_grid, dummy_snake_entry, uniq_nergalle
Lair:3:   layout_cave_pods, chequers_serial_rivers_micro_d,
          infiniplex_staircase_pool, grunt_megastairs_5, lemuel_fruit_fields
Lair:4:   layout_cave_pods, minmay_shoals_entry_lonely_mermaid,
          grunt_megastairs_3
Lair:5:   layout_regular_city, slime_dummy, minmay_holes,
          grunt_forest_stairs_basic, minivault_27,
          chequers_serial_rivers_large_a

Notes
Turn   | Place    | Note
-------+----------+-------------------------------------------
     0 | D:1      | zeratav the Octopode Earth Elementalist began the quest for
                  | the Orb.
     0 | D:1      | Reached XP level 1. HP: 11/11 MP: 3/3
     0 | D:1      | magus.rc [v1.9.6]
   357 | D:1      | Reached XP level 2. HP: 17/17 MP: 5/5
   361 | D:1      | Found a faded altar of an unknown god.
   538 | D:1      | Prayed at the altar of an unknown god.
   538 | D:1      | Became a worshipper of Hepliaklqana the Forgotten
   538 | D:1      | Reached * piety under Hepliaklqana
   687 | D:1      | You pick up a book of Flames and begin reading...
   687 | D:1      | You add the spells Foxfire, Conjure Flame, Inner Flame and
                  | Flame Wave to your library.
   799 | D:1      | Reached XP level 3. HP: 17/18 MP: 6/6
  1478 | D:2      | Reached skill level 4 in Earth Magic
  1609 | D:2      | Reached XP level 4. HP: 16/24 MP: 2/8
  1682 | D:2      | Identified the +8 dagger "Jaenit" {antimagic, rC+}
  2214 | D:2      | Noticed Natasha
  2215 | D:2      | Killed Natasha
  2216 | D:2      | Reached skill level 1 in Fire Magic
  2367 | D:3      | Reached ** piety under Hepliaklqana
  2368 | D:3      | Remembered your ancestor Necuametl as a knight
  2408 | D:3      | Reached skill level 3 in Spellcasting
  2408 | D:3      | Reached XP level 5. HP: 27/27 MP: 7/9
  2643 | D:3      | You pick up a book of Callings and begin reading...
  2643 | D:3      | You add the spells Summon Small Mammal, Call Canine
                  | Familiar and Summon Guardian Golem to your library.
  2872 | D:3      | You pick up a book of Cantrips and begin reading...
  2872 | D:3      | You add the spells Animate Skeleton and Apportation to your
                  | library.
  3091 | D:3      | Learned a level 3 spell: Stone Arrow
  3340 | D:4      | Found a sacrificial altar of Ru.
  3385 | D:4      | Found a hide-covered altar of Uskayaw.
  3390 | D:4      | You pick up a book of Lightning and begin reading...
  3390 | D:4      | You add the spells Static Discharge, Lightning Bolt and
                  | Maxwell's Capacitive Coupling to your library.
  3453 | D:4      | Reached skill level 5 in Earth Magic
  3511 | D:4      | Reached skill level 2 in Fire Magic
  3600 | D:4      | Found a sparkling altar of Nemelex Xobeh.
  3600 | D:4      | Found a glowing golden altar of the Shining One.
  3636 | D:4      | Reached XP level 6. HP: 32/32 MP: 8/11
  3722 | D:4      | Noticed Sigmund
  3728 | D:4      | Killed Sigmund
  4169 | D:4      | Reached XP level 7. HP: 36/36 MP: 9/12
  4214 | D:4      | Reached skill level 6 in Earth Magic
  4314 | D:4      | Reached skill level 3 in Fire Magic
  4336 | D:4      | Noticed Ijyb
  4348 | D:4      | Killed Ijyb
  4349 | D:4      | Reached skill level 4 in Spellcasting
  4529 | D:4      | Noticed Blork the orc
  4534 | D:4      | Killed Blork the orc
  4814 | D:5      | Entered Level 5 of the Dungeon
  4861 | D:5      | Noticed Eustachio
  4865 | D:5      | Killed Eustachio
  4866 | D:5      | Reached skill level 4 in Fire Magic
  4939 | D:5      | Reached skill level 5 in Spellcasting
  4939 | D:5      | Reached XP level 8. HP: 40/41 MP: 11/15
  5037 | D:5      | You pick up a book of Changes and begin reading...
  5037 | D:5      | You add the spells Beastly Appendage, Wereblood and Spider
                  | Form to your library.
  5261 | D:5      | Reached skill level 1 in Hexes
  5261 | D:5      | Reached skill level 1 in Summonings
  5357 | D:5      | Reached *** piety under Hepliaklqana
  5732 | D:5      | Noticed Menkaure
  5737 | D:5      | Killed Menkaure
  5738 | D:5      | Reached skill level 5 in Fire Magic
  5985 | D:5      | Noticed a two-headed ogre
  6037 | D:5      | Killed a two-headed ogre
  6038 | D:5      | Reached skill level 6 in Spellcasting
  6038 | D:5      | Reached skill level 3 in Hexes
  6038 | D:5      | Reached skill level 3 in Summonings
  6038 | D:5      | Reached XP level 9. HP: 45/45 MP: 5/19
  6042 | D:5      | Learned a level 3 spell: Inner Flame
  6245 | D:6      | Found a glowing drain.
  6284 | Sewer    | Entered a sewer
  6383 | Sewer    | Noticed Pargi
  6386 | Sewer    | Killed Pargi
  6387 | Sewer    | Reached skill level 4 in Summonings
  6450 | D:6      | Reached skill level 7 in Spellcasting
  6466 | D:6      | Identified the +0 dagger "Suys Ino" {antimagic, *Rage Str+6
                  | Stlth+}
  6593 | D:6      | Reached skill level 5 in Summonings
  6598 | D:6      | Reached skill level 1 in Fighting
  6723 | D:6      | Reached skill level 2 in Fighting
  6730 | D:6      | Reached skill level 3 in Fighting
  7006 | D:6      | Reached skill level 4 in Fighting
  7173 | D:6      | Found Tangen's One-of-a-Kind Rings.
  7267 | D:6      | Reached **** piety under Hepliaklqana
  7291 | D:6      | Reached skill level 5 in Fighting
  7309 | D:6      | Reached skill level 1 in Invocations
  7310 | D:6      | Reached skill level 2 in Invocations
  7312 | D:6      | Reached XP level 10. HP: 61/61 MP: 9/20
  7485 | D:6      | Reached skill level 3 in Invocations
  7619 | D:6      | Reached skill level 6 in Fighting
  7699 | D:6      | Reached skill level 4 in Invocations
  7767 | D:6      | You pick up a book of Beasts and begin reading...
  7767 | D:6      | You add the spells Summon Ice Beast, Summon Mana Viper and
                  | Monstrous Menagerie to your library.
  7777 | D:6      | You add the spells Blink, Manifold Assault and Storm Form
                  | to your library.
  8189 | D:7      | Learned a level 3 spell: Summon Guardian Golem
  8192 | D:7      | Reached skill level 1 in Air Magic
  8388 | D:7      | Reached skill level 2 in Transmutations
  8442 | D:7      | Reached skill level 2 in Air Magic
  8470 | D:7      | Reached skill level 7 in Fighting
  8498 | D:7      | Found a shimmering blue altar of Sif Muna.
  8553 | D:7      | Found a staircase to the Ecumenical Temple.
  8877 | D:7      | Reached skill level 3 in Transmutations
  9312 | D:8      | Reached skill level 3 in Air Magic
  9414 | D:8      | Reached ***** piety under Hepliaklqana
  9562 | D:8      | Identified the +11 rapier of Ulonuig {vorpal, Contam rF++
                  | Dex+5}
  9978 | D:8      | Reached skill level 4 in Transmutations
 10193 | D:9      | Reached skill level 4 in Air Magic
 10451 | D:8      | Reached skill level 8 in Fighting
 10451 | D:8      | Reached XP level 11. HP: 46/69 MP: 17/21
 10905 | D:9      | Noticed Maurice
 10915 | D:9      | Reached skill level 5 in Transmutations
 10936 | D:9      | Killed Maurice
 10937 | D:9      | Reached skill level 5 in Air Magic
 11178 | D:9      | Found a staircase to the Orcish Mines.
 11186 | D:9      | Noticed Pikel
 11191 | D:9      | Killed Pikel
 11528 | D:9      | Noticed Erica
 11535 | D:9      | Killed Erica
 11656 | D:9      | Found a staircase to the Lair.
 11869 | Lair:1   | Entered Level 1 of the Lair of Beasts
 11953 | Lair:1   | Reached skill level 9 in Fighting
 11953 | Lair:1   | Reached skill level 6 in Transmutations
 11980 | Lair:1   | Reached skill level 6 in Air Magic
 12381 | Lair:1   | Noticed Joseph
 12393 | Lair:1   | Killed Joseph
 12625 | Lair:1   | Reached skill level 7 in Transmutations
 12625 | Lair:1   | Reached skill level 7 in Air Magic
 13187 | Lair:2   | Found a staircase to the Snake Pit.
 13460 | Lair:2   | Reached XP level 12. HP: 43/76 MP: 19/22
 13663 | Lair:2   | Noticed Nergalle
 13670 | Lair:2   | Killed Nergalle
 13671 | Lair:2   | Reached skill level 8 in Transmutations
 13671 | Lair:2   | Reached skill level 8 in Air Magic
 13963 | Lair:2   | Reached ****** piety under Hepliaklqana
 14851 | Lair:3   | Identified the +5 battleaxe "Puzxuqoj" {pain, *Rage rPois
                  | rN+ Stlth+}
 15071 | Lair:3   | Noticed an eight-headed hydra
 15089 | Lair:3   | Killed an eight-headed hydra
 15584 | Lair:4   | Reached skill level 9 in Transmutations
 15584 | Lair:4   | Reached skill level 9 in Air Magic
 15682 | Lair:4   | Noticed a death yak
 15687 | Lair:4   | Noticed a death yak
 15696 | Lair:4   | Found a staircase to the Shoals.
 15698 | Lair:4   | Killed a death yak
 15939 | Lair:4   | Noticed a death yak
 15949 | Lair:4   | Noticed a death yak
 16066 | Lair:4   | Killed a death yak
 16067 | Lair:4   | HP: 18/76 [death yak (24)]
 16068 | Lair:4   | HP: 6/76 [death yak (12)]
 16075 | Lair:4   | Reached skill level 10 in Transmutations
 16396 | Lair:4   | Reached skill level 10 in Air Magic
 16563 | Lair:4   | Noticed a boulder beetle
 16942 | Lair:4   | Noticed a six-headed hydra
 16965 | Lair:4   | Killed a six-headed hydra
 17443 | Lair:4   | Noticed a five-headed hydra
 17450 | Lair:4   | Killed a five-headed hydra
 17451 | Lair:4   | Reached XP level 13. HP: 81/81 MP: 13/23
 17642 | Lair:4   | HP: 17/81 [cane toad (14)]
 18074 | Lair:4   | Reached skill level 11 in Transmutations
 18074 | Lair:4   | Reached skill level 11 in Air Magic
 18440 | Lair:4   | Upgraded the game from 0.29-a0-397-g846e4a0bbc to
                  | 0.29-a0-398-ge13fd1374b
 18440 | Lair:4   | magus.rc [v1.9.6]
 18940 | Lair:5   | HP: 12/81 [death yak (23)]
 19585 | Lair:4   | Slain by a death yak

Vanquished Creatures
  A boulder beetle (Lair:4)
  A hydra (Lair:4)
  A two-headed ogre (D:5)
  Erica (D:9)
  2 lindwurms (Lair:4)
  Maurice (D:9)
  Joseph (Lair:1)
  3 cane toads
  A torpor snail (Lair:4)
  A rime drake (Lair:1)
  A komodo dragon (Lair:1)
  2 trolls
  12 blink frogs
  A wraith (D:9)
  2 wyverns
  16 yaks
  3 steam dragons
  Menkaure (D:5)
  4 water moccasins
  Pargi (Sewer)
  An orc warrior (D:9)
  2 ice beasts (D:6)
  A sky beast (D:7)
  5 wolves
  A centaur (D:9)
  2 lemures (D:9)
  2 kobold brigands
  9 bullfrogs
  2 necrophages (D:5)
  Blork the orc (D:4)
  2 scorpions
  9 wights
  6 killer bees
  2 howler monkeys
  2 orc priests (D:6)
  9 hounds
  2 jellies
  Ijyb (D:4)
  4 iguanas
  3 orc wizards
  Natasha (D:2)
  18 adders
  3 gnolls (D:4)
  A shadow imp (D:6)
  An ufetubus (D:2)
  3 worms
  4 dart slugs
  22 orcs
  7 bats
  9 endoplasms
  2 giant cockroaches
  7 goblins
  8 hobgoblins
  10 jackals
  15 kobolds
  2 quokkas
  12 ball pythons
  A frilled lizard (D:2)
  5 rats
253 creatures vanquished.

Vanquished Creatures (collateral kills)
  A hydra (Lair:4)
  A death yak (Lair:5)
  Nergalle (Lair:2)
  Pikel (D:9)
  A merfolk siren (Lair:4)
  4 cane toads
  5 komodo dragons
  A polar bear (Lair:5)
  5 blink frogs
  Sigmund (D:4)
  A shadow (D:7)
  6 yaks
  A steam dragon (D:6)
  Eustachio (D:5)
  An acid dragon (D:9)
  3 water moccasins
  2 black bears
  An orc warrior (D:6)
  3 centaurs
  2 wolves (Lair:2)
  2 kobold brigands
  6 bullfrogs
  2 wights (D:7)
  4 killer bees
  2 howler monkeys
  4 electric eels
  2 jellies
  2 orc wizards
  2 adders (D:4)
  A gnoll (D:4)
  A white imp (D:6)
  2 worms
  A dart slug (D:3)
  12 orcs
  An endoplasm (D:2)
  2 goblins
  A hobgoblin (D:2)
  A jackal (D:3)
  A ball python (D:4)
  2 bats
  14 kobolds
  A rat (D:2)
  A butterfly (Lair:3)
109 creatures vanquished.

Vanquished Creatures (others)
  A hydra (Lair:3)
  2 death yaks (Lair:4)
  2 blink frogs
  7 yaks
  6 knights
  An ancestor (D:2)
  36 fungi
  16 plants
71 creatures vanquished.

Grand Total: 433 creatures vanquished

Table legend:
 A = Non-vault XP
 B = Vault XP
 C = Vault XP percentage of total XP
 D = Non-vault monster count
 E = Vault monster count
 F = Vault count percentage of total count
                 A         B        C        D         E       F
            +---------+---------+-------+---------+---------+-------
      Total |   33625 |    7068 |  17.4 |     301 |      70 |  18.9
            +---------+---------+-------+---------+---------+-------
        D:1 |      41 |       0 |   0.0 |      22 |       0 |   0.0
        D:2 |      61 |      54 |  47.0 |      23 |      11 |  32.4
        D:3 |      89 |       0 |   0.0 |      22 |       0 |   0.0
        D:4 |     270 |     431 |  61.5 |      23 |      13 |  36.1
        D:5 |    1260 |     354 |  21.9 |      18 |       2 |  10.0
        D:6 |    1991 |     617 |  23.7 |      30 |      13 |  30.2
        D:7 |    1985 |       0 |   0.0 |      31 |       0 |   0.0
        D:8 |     894 |     748 |  45.6 |      18 |       6 |  25.0
        D:9 |    1812 |    2340 |  56.4 |      25 |      11 |  30.6
     Lair:1 |    3583 |     445 |  11.0 |      16 |       1 |   5.9
     Lair:2 |    2289 |     790 |  25.7 |      11 |       1 |   8.3
     Lair:3 |    2596 |     243 |   8.6 |      11 |       2 |  15.4
     Lair:4 |   11762 |     893 |   7.1 |      33 |       2 |   5.7
     Lair:5 |    4992 |       0 |   0.0 |      18 |       0 |   0.0
      Sewer |       0 |     153 | 100.0 |       0 |       8 | 100.0
            +---------+---------+-------+---------+---------+-------

Illustrated notes

Table legend:
 A = Kills in this place as a percentage of kills in entire the game.
 B = Kills by you in this place as a percentage of kills by you in the entire game.
 C = Kills by friends in this place as a percentage of kills by friends in the entire game.
 D = Other kills in this place as a percentage of other kills in the entire game.
 E = Experience gained in this place as a percentage of experience gained in the entire game.
 F = Experience gained in this place divided by the number of levels of this place that you have seen.
                   A       B       C       D       E      F
               +-------+-------+-------+-------+-------+----------------------
         Total | 100.0 | 100.0 | 100.0 | 100.0 | 100.0 | 2712.9
       Dungeon |  72.2 |  76.1 |  71.3 |   0.0 |  31.8 | 1438.6
          Lair |  25.6 |  20.7 |  28.7 | 100.0 |  67.8 | 5518.6
         Sewer |   2.2 |   3.2 |   0.0 |   0.0 |   0.4 | 153.0
               +-------+-------+-------+-------+-------+----------------------

Table legend: (Time is in decaauts)
 A = Elapsed time spent in this place.
 B = Non-inter-level travel time spent in this place.
 C = Inter-level travel time spent in this place.
 D = Time resting spent in this place.
 E = Time spent auto-exploring this place.
 F = Levels seen in this place.
 G = Mean time per level.
                   A        B        C        D        E       F      G
               +--------+--------+--------+--------+--------+-----+--------+
         Total |  19611 |  19081 |    530 |   5445 |  10466 |  15 | 1307.4 |
       Dungeon |  11724 |  11394 |    330 |   2277 |   7561 |   9 | 1302.7 |
          Lair |   7729 |   7530 |    199 |   3168 |   2788 |   5 | 1545.8 |
         Sewer |    157 |    157 |      0 |      0 |    117 |   1 |  157.0 |
               +--------+--------+--------+--------+--------+-----+--------+

Top non-repeatable levels by time:
  Lair:4: 3221 daAuts
     D:6: 1631 daAuts
     D:4: 1516 daAuts
     D:5: 1430 daAuts
  Lair:3: 1416 daAuts
     D:9: 1349 daAuts
  Lair:1: 1317 daAuts
     D:8: 1257 daAuts
     D:1: 1251 daAuts
  Lair:2: 1236 daAuts
     D:7: 1234 daAuts
     D:2: 1108 daAuts
     D:3: 944 daAuts
  Lair:5: 538 daAuts
   Sewer: 157 daAuts
